 Dungeon Sprint DCSS version 0.28.0-53-g5a82cb258f (webtiles) character file.

Game seed: 17404398449058644120

133149 Groucho the Hoplite (level 16, -18/177 HPs)
             Began as a Naga Fighter on May 18, 2022.
             Was the Champion of Cheibriados.
             Demolished by Okhott the pandemonium lord (40 damage)
             ... in the Dungeon (Sprint VII: "The Pits") on May 23, 2022.
             The game lasted 00:31:32 (9166 turns).

Groucho the Hoplite (Naga Fighter)                  Turns: 9166, Time: 00:31:33

Health: -18/177    AC: 43    Str: 41    XL:     16   Next: 81%
Magic:  29/29      EV: 25    Int: 28    God:    Cheibriados [******]
Gold:   163        SH: 31    Dex: 37    Spells: 15/15 levels left

rFire   + + +      SeeInvis +   G - +9 broad axe
rCold   + . .      Faith    .   H - +3 tower shield
rNeg    . . .      Spirit   .   F - +8 gold dragon scales
rPois   +          Reflect  .   r - +1 helmet
rElec   .          Harm     .   i - +4 dragonskin cloak
rCorr   +          Rampage  .   t - +2 pair of gloves
Will    +++..      NoTele   +   (no barding)
Stlth   ..........              X - amulet "Ynoeps" {RegenMP rPois Will+ Str+4}
HPRegen 0.39/turn               I - ring of Vefuong {rF++ Will- rCorr Str+2 Slay+5}
MPRegen 0.61/turn               O - ring of Zin's Scorn {rF+ Will+ rCorr Int+3 Dex+6}

@: studying Short Blades, very slow
A: AC +5, large, see invisible, deformed body, poison resistance, slowness 2,
spit poison 1, naga tail 2
}: 1/3 runes: silver
a: Spit Poison, Renounce Religion, Bend Time, Temporal Distortion, Slouch, Step
From Time


You were in the Dungeon.
You worshipped Cheibriados.
Cheibriados was exalted by your worship.
You visited 1 branch You collected 163 gold pieces.

Inventory:

Hand Weapons
 p - a +3 demon whip of venom
 G - a +9 broad axe (weapon)
Missiles
 b - 6 poisoned darts
 o - 96 stones (quivered)
Armour
 i - the +4 dragonskin cloak (worn)
   (You took it off Tiamat in the Dungeon)

   It grants the wearer a chance to resist fire, cold, poison, electricity,
   acid, and negative energy.
 r - a +1 helmet (worn)
 t - a +2 pair of gloves (worn)
 F - +8 gold dragon scales (worn)
 H - a +3 tower shield (worn)
Jewellery
 a - a +5 ring of slaying
 f - a +3 ring of evasion
 q - the ring "Pisofaun" {rElec rC+ Str-5 SInv}
   (You found it in the Dungeon)

   [ring of see invisible]

   Str:       It affects your strength (-5).
   rC:        It protects you from cold.
   rElec:     It insulates you from electricity.
   SInv:      It lets you see invisible.
 s - a +4 ring of slaying
 v - a ring of positive energy
 y - a ring of protection from fire
 I - the ring of Vefuong (left hand) {rF++ Will- rCorr Str+2 Slay+5}
   (You found it in the Dungeon)

   [ring of slaying]

   Str:       It affects your strength (+2).
   Slay:      It affects your accuracy & damage with ranged weapons and melee
   (+5).
   rF:        It greatly protects you from fire.
   rCorr:     It protects you from acid and corrosion.
   Will:      It decreases your willpower.
 J - the amulet "Eqiwn" {Faith Int+6}
   (You found it in the Dungeon)

   [amulet of faith]

   It allows you to gain divine favour quickly.
   Int:       It affects your intelligence (+6).
 K - the ring of Causuhump {Wiz rElec Str+2 Stlth+}
   (You found it in the Dungeon)

   [ring of wizardry]

   It improves your spell success rate.
   Str:       It affects your strength (+2).
   rElec:     It insulates you from electricity.
   Stlth:     It makes you more stealthy.
 L - the ring "Uphautt" {rF+ rC+ rN+ rCorr Str-5}
   (You found it in the Dungeon)

   [ring of protection from cold]

   Str:       It affects your strength (-5).
   rF:        It protects you from fire.
   rC:        It protects you from cold.
   rN:        It protects you from negative energy.
   rCorr:     It protects you from acid and corrosion.
 M - the ring of Qaufenib {rPois rF+ rN+}
   (You found it in the Dungeon)

   [ring of positive energy]

   rF:        It protects you from fire.
   rPois:     It protects you from poison.
   rN:        It protects you from negative energy.
 N - a ring of protection from cold
 O - the ring of Zin's Scorn (right hand) {rF+ Will+ rCorr Int+3 Dex+6}
   (You found it in the Dungeon)

   [ring of dexterity]

   Int:       It affects your intelligence (+3).
   Dex:       It affects your dexterity (+6).
   rF:        It protects you from fire.
   rCorr:     It protects you from acid and corrosion.
   Will:      It increases your willpower.
 P - the amulet "Xisarghon" {Regen+ rCorr}
   (You found it in the Dungeon)

   [amulet of regeneration]

   Regen:     It increases your rate of health regeneration.
   rCorr:     It protects you from acid and corrosion.
 Q - the amulet "Myfuban" {Reflect Fragile rC+ rN+ Str+3 SH+5}
   (You found it in the Dungeon)

   [amulet of reflection]

   It reflects blocked missile attacks.
   Str:       It affects your strength (+3).
   rC:        It protects you from cold.
   rN:        It protects you from negative energy.
   Fragile:   It will be destroyed if unequipped.
   SH:        It affects your SH (+5).
 S - a ring of positive energy
 T - the ring of Suspected Treachery {rPois rF+ AC+6}
   (You found it in the Dungeon)

   [ring of protection]

   AC:        It affects your AC (+6).
   rF:        It protects you from fire.
   rPois:     It protects you from poison.
 U - the ring of Duot {rF+ Will+ SInv}
   (You found it in the Dungeon)

   [ring of see invisible]

   rF:        It protects you from fire.
   SInv:      It lets you see invisible.
   Will:      It increases your willpower.
 W - the ring "Poomikk" {Int+2 Slay+5}
   (You found it in the Dungeon)

   [ring of slaying]

   Int:       It affects your intelligence (+2).
   Slay:      It affects your accuracy & damage with ranged weapons and melee
   (+5).
 X - the amulet "Ynoeps" (around neck) {RegenMP rPois Will+ Str+4}
   (You found it in the Dungeon)

   [amulet of magic regeneration]

   It increases your rate of magic regeneration.
   Str:       It affects your strength (+4).
   rPois:     It protects you from poison.
   Will:      It increases your willpower.
 Y - the ring "Jycag" {Wiz rElec Int+4 Dex+4}
   (You found it in the Dungeon)

   [ring of wizardry]

   It improves your spell success rate.
   Int:       It affects your intelligence (+4).
   Dex:       It affects your dexterity (+4).
   rElec:     It insulates you from electricity.
 Z - the ring "Kidamnia" {rF++ rN+}
   (You found it in the Dungeon)

   [ring of positive energy]

   rF:        It greatly protects you from fire.
   rN:        It protects you from negative energy.
Wands
 w - a wand of acid (3)
Scrolls
 m - 8 scrolls of amnesia
 n - a scroll of summoning
 u - 2 scrolls of silence
 z - 3 scrolls of fear
 B - 5 scrolls of enchant armour
 C - 13 scrolls of identify
 D - 5 scrolls of fog
 E - 2 scrolls of enchant weapon
Potions
 d - 5 potions of might
 e - a potion of flight {unknown}
 g - 10 potions of haste
 h - 6 potions of magic
 j - 11 potions of mutation
 k - 4 potions of berserk rage
 l - 5 potions of brilliance
 x - a potion of ambrosia
 R - 2 potions of resistance


   Skills:
 * Level 20.0 Fighting
 - Level 18.0 Axes
 * Level 20.2 Armour
 * Level 19.3 Dodging
 * Level 21.4 Shields
 + Level 9.6 Unarmed Combat
 + Level 18.3 Invocations


You had 15 spell levels left.
You didn't know any spells.
Your spell library contained the following spells:

 Spells                   Type           Power      Damage    Failure   Level
 Animate Skeleton         Necr           0%         N/A       67%         1
 Apportation              Tloc           0%         N/A       67%         1
 Beastly Appendage        Tmut           0%         N/A       67%         1
 Pain                     Necr           0%         1d4       67%         1
 Sandblast                Erth           0%         2d4       67%         1
 Shock                    Conj/Air       0%         1d3       67%         1
 Sting                    Tmut/Pois      0%         1d3       67%         1
 Summon Small Mammal      Summ           0%         N/A       67%         1
 Blink                    Tloc           0%         N/A       82%         2
 Passwall                 Tmut/Erth      0%         N/A       82%         2
 Wereblood                Tmut           0%         N/A       82%         2
 Call Canine Familiar     Summ           0%         N/A       96%         3
 Gell's Gravitas          Tloc           0%         N/A       96%         3
 Ignite Poison            Fire/Tmut/Pois 0%         N/A       96%         3
 Lesser Beckoning         Tloc           0%         N/A       96%         3
 Mephitic Cloud           Conj/Pois/Air  0%         N/A       96%         3
 Ozocubu's Armour         Ice            0%         N/A       96%         3
 Spider Form              Tmut/Pois      0%         N/A       96%         3
 Stone Arrow              Conj/Erth      0%         3d7       96%         3
 Summon Guardian Golem    Hex/Summ       0%         N/A       96%         3
 Teleport Other           Tloc           0%         N/A       96%         3
 Vampiric Draining        Necr           0%         2d6       96%         3
 Airstrike                Air            0%         N/A       100%        4
 Animate Armour           Summ/Erth      0%         N/A       100%        4
 Petrify                  Tmut/Erth      0%         N/A       100%        4
 Summon Ice Beast         Ice/Summ       0%         N/A       100%        4
 Summon Lightning Spire   Summ/Air       0%         N/A       100%        4
 Agony                    Necr           0%         N/A       100%        5
 Alistair's Intoxication  Tmut/Pois      0%         N/A       100%        5
 Blade Hands              Tmut           0%         N/A       100%        5
 Borgnjor's Vile Clutch   Necr/Erth      0%         N/A       100%        5
 Iskenderun's Battlesphe  Conj           0%         2d6       100%        5
 Manifold Assault         Tloc           0%         N/A       100%        5
 Summon Forest            Summ/Tloc      0%         N/A       100%        5
 Summon Mana Viper        Hex/Summ       0%         N/A       100%        5
 Conjure Ball Lightning   Conj/Air       0%         3x3d6     100%        6
 Dispersal                Tloc           0%         N/A       100%        6
 Eringya's Noxious Bog    Tmut/Pois      0%         N/A       100%        6
 Iron Shot                Conj/Erth      0%         9d1       100%        6
 Summon Cactus Giant      Summ           0%         N/A       100%        6
 Malign Gateway           Summ/Tloc      0%         N/A       100%        7
 Orb of Destruction       Conj           0%         9d5       100%        7
 Spellforged Servitor     Conj/Summ      0%         N/A       100%        7
 Storm Form               Tmut/Air       0%         N/A       100%        7
 Borgnjor's Revivificati  Necr           0%         N/A       100%        8
 Discord                  Hex            0%         N/A       100%        8
 Disjunction              Tloc           0%         N/A       100%        8
 Necromutation            Tmut/Necr      0%         N/A       100%        8
 Death's Door             Necr           0%         N/A       100%        9


Dungeon Overview and Level Annotations

Branches:
Dungeon (1/1)

Altars:
Ashenzari
Cheibriados
Dithmenos
Elyvilon
Fedhas
Gozag
Hepliaklqana
Kikubaaqudgha
Makhleb
Nemelex Xobeh
Okawaru
Qazlal
Ru
Sif Muna
Trog
Uskayaw
Vehumet
Wu Jian
Xom
Yredelemnul
Zin
The Shining One
Beogh
Jiyva
Lugonu


Innate Abilities, Weirdness & Mutations

Your serpentine skin is tough. (AC +5)
You have supernaturally acute eyesight. (SInv)
Armour fits poorly on your strangely shaped body.
Your system is resistant to poisons. (rPois)
You cover ground very slowly.
You can spit poison.
You can use your snake-like lower body to constrict enemies.


Message History

The black draconian knight is engulfed in calcifying dust.
Blink to where?
Press: ? - help, Dir - move target
As you read the scroll of blinking, it crumbles to dust.
You completely miss Okhott. Your grab misses Okhott. Okhott pecks you!
* * * LOW HITPOINT WARNING * * *
Unknown command.
Unknown command.
You slash Okhott! Your grab misses Okhott.
Okhott is lightly wounded.
Okhott pecks you.
* * * LOW HITPOINT WARNING * * *
You feel better. You block Okhott's attack.
You feel better. Okhott pecks you!
* * * LOW HITPOINT WARNING * * *
The black draconian knight completely misses you.
You block Okhott's attack.
You completely miss Okhott. Your grab misses Okhott.
Okhott is lightly wounded.
You block the black draconian knight's attack.
You block Okhott's attack.
Unknown command.
You feel better.
You block the black draconian knight's attack.
Okhott closely misses you.
The black draconian knight hits you but does no damage.
Unknown command.
You feel better.
The black draconian knight is no longer moving quickly.
Okhott sneers, "Thy spine shall be my snackling!"
You block Okhott's attack.
You block the black draconian knight's attack.
You block the white draconian's attack. Okhott pecks you but does no damage.
You slash Okhott! Your grab misses Okhott.
Okhott is lightly wounded.
You barely miss the white draconian.
The black draconian knight casts a spell.
The black draconian knight seems to speed up.
Okhott pecks you!!!
You die...

#.##..####++####''###############
.#.#..##......##.................
####..##.#'##.##.................
......##.#)[).##2.##############'
......##.)}.#.##..#))'...'))#...[
########.#||+.##Y2#))#...#).#...[
########.+))#.##q.####...#######[
..##..##.##+#.##&d#.........#..[[
..##..##......##@.#.......)))...[
..''..##########..#.........#)...
..''..##########..##'###'##.####.
..##..............#))))#))#.# ##
..##..............#))))#))#.+
############################# ##
############################# .#
#.........##))..!'...'..!##.. .#
##.......###....[##.##..}##..


You could see Okhott, a black draconian knight (fast, invisible), a white
draconian, a hell beast, a catoblepas and a lorocyproca (invisible).

Vanquished Creatures
  Tiamat (D)
  5 bone dragons (D)
  Rupert (D)
  A tentacled monstrosity (D)
  A lich (D)
  A pandemonium lord (D)
  2 sphinxes (D)
  An acid blob (D)
  A death cob (D)
  Gastronok (D)
  2 nagarajas (D)
  A storm dragon (D)
  A daeva (D)
  3 draconian monks (D)
  An iron dragon (D)
  3 ghost moths (D)
  A draconian scorcher (D)
  An emperor scorpion (D)
  A frost giant (D)
  3 ghouls (D)
  A draconian shifter (D)
  4 deep elf sorcerers (D)
  2 orc warlords (D)
  A balrug (D)
  2 war gargoyles (D)
  An apis (D)
  2 yellow draconians (D)
  2 deep elf demonologists (D)
  A deep elf annihilator (D)
  2 green draconians (D)
  3 black draconians (D)
  3 vampire knights (D)
  4 white draconians (D)
  3 red draconians (D)
  An eidolon (D)
  3 green deaths (D)
  2 deep elf death magi (D)
  6 deep elf high priests (D)
  3 yaktaur captains (D)
  A rakshasa (D)
  A hell beast (D)
  2 boulder beetles (D)
  2 vault guards (D)
  2 centaur warriors (D)
  Erolcha (D)
  2 catoblepae (D)
  2 anacondas (D)
  2 ogre magi (D)
  An alligator snapping turtle (D)
  4 two-headed ogres (D)
  7 death yaks (D)
  3 vampire magi (D)
  3 deep elf knights (D)
  A fire crab (D)
  A sixfirhy (D)
  10 skeletal warriors (D)
  2 spriggan druids (D)
  A phantasmal warrior (D)
  A cherub (D)
  A flayed ghost (D)
  A bog body (D)
  2 wizards (D)
  13 orc knights (D)
  A lindwurm (D)
  A deep elf pyromancer (D)
  An ugly thing (D)
  A manticore (D)
  4 elephants (D)
  A black mamba (D)
  A rust devil (D)
  2 orange demons (D)
  A smoke demon (D)
  A gargoyle (D)
  3 rime drakes (D)
  A demonic crawler (D)
  2 ice devils (D)
  5 yaktaurs (D)
  A tormentor (D)
  2 komodo dragons (D)
  2 freezing wraiths (D)
  2 merfolk (D)
  A troll (D)
  2 wandering mushrooms (D)
  A hellwing (D)
  A tyrant leech (D)
  A hornet (D)
  A tarantella (D)
  6 blink frogs (D)
  A jumping spider (D)
  A flying skull (D)
  A water elemental (D)
  A wraith (D)
  A wyvern (D)
  An air elemental (D)
  5 vampires (D)
  A chaos spawn (D)
  8 redbacks (D)
  2 steam dragons (D)
  A golden eye (shapeshifter) (D)
  Edmund (D)
  2 wargs (D)
  2 acid dragons (D)
  2 floating eyes (D)
  A swamp drake (D)
  Pargi (D)
  A sky beast (D)
  2 ice beasts (D)
  2 ogres (D)
  2 wolves (D)
  A necrophage (D)
  2 orc warriors (D)
  A centaur (D)
  An earth elemental (D)
  A bullfrog (D)
  2 scorpions (D)
  A crimson imp (D)
  3 jellies (D)
  A hound (D)
  4 orc priests (D)
  A gnoll shaman (D)
  2 iguanas (D)
  2 orc wizards (D)
  2 hell rats (D)
  A mummy (D)
  A gnoll (D)
  2 river rats (D)
  2 adder zombies (D)
  An adder skeleton (D)
  2 adder simulacra (D)
  7 orcs (D)
  2 bat skeletons (D)
  4 bat zombies (D)
  2 endoplasms (D)
  A kobold (D)
  A ball python (D)
  2 ball python simulacra (D)
  3 ball python skeletons (D)
  A bat (D)
  4 bat simulacra (D)
  2 giant cockroach zombies (D)
  A jackal zombie (D)
  2 quokka simulacra (D)
  3 quokka skeletons (D)
  A quokka zombie (D)
297 creatures vanquished.

Vanquished Creatures (others)
  A deep elf master archer (D)
  A blizzard demon (D)
  A vampire mage (D)
  A skeletal warrior (D)
  A ball python simulacrum (D)
  A quokka skeleton (D)
6 creatures vanquished.

Grand Total: 303 creatures vanquished

Notes
Turn   | Place    | Note
-------+----------+-------------------------------------------
     0 | D        | Groucho the Naga Fighter began the quest for the Orb.
     0 | D        | Reached XP level 1. HP: 21/21 MP: 1/1
    16 | D        | Reached skill level 3 in Shields
    16 | D        | Reached XP level 2. HP: 26/28 MP: 2/2
   329 | D        | Found a bloodstained altar of Trog.
   329 | D        | Found a shimmering blue altar of Sif Muna.
   329 | D        | Found a viscous altar of Jiyva.
   329 | D        | Found a hazy altar of Hepliaklqana.
   329 | D        | Found an opulent altar of Gozag.
   330 | D        | Found a glowing golden altar of the Shining One.
   330 | D        | Found a glowing silver altar of Zin.
   330 | D        | Found a basalt altar of Yredelemnul.
   330 | D        | Found a shimmering altar of Xom.
   330 | D        | Found an ornate altar of the Wu Jian Council.
   330 | D        | Found a sacrificial altar of Ru.
   330 | D        | Found a stormy altar of Qazlal.
   330 | D        | Found an iron altar of Okawaru.
   330 | D        | Found a sparkling altar of Nemelex Xobeh.
   330 | D        | Found a burning altar of Makhleb.
   330 | D        | Found a blossoming altar of Fedhas.
   330 | D        | Found a white marble altar of Elyvilon.
   330 | D        | Found a shadowy altar of Dithmenos.
   330 | D        | Found a snail-covered altar of Cheibriados.
   333 | D        | Found a corrupted altar of Lugonu.
   333 | D        | Found a radiant altar of Vehumet.
   334 | D        | Found an ancient bone altar of Kikubaaqudgha.
   334 | D        | Found a hide-covered altar of Uskayaw.
   334 | D        | Found a broken altar of Ashenzari.
   341 | D        | Became a worshipper of Cheibriados the Contemplative
   395 | D        | Reached * piety under Cheibriados
   396 | D        | Reached XP level 3. HP: 36/36 MP: 3/3
   404 | D        | Reached ** piety under Cheibriados
   407 | D        | Noticed a scorpion
   408 | D        | Noticed a floating eye
   409 | D        | Paralysed by a floating eye for 2 turns
   414 | D        | Killed a floating eye
   414 | D        | Reached *** piety under Cheibriados
   415 | D        | Reached skill level 5 in Fighting
   415 | D        | Reached skill level 5 in Axes
   415 | D        | Reached skill level 4 in Shields
   415 | D        | Reached XP level 4. HP: 28/48 MP: 4/4
   415 | D        | Reached XP level 5. HP: 32/55 MP: 5/5
   422 | D        | Reached skill level 5 in Armour
   422 | D        | Reached skill level 5 in Shields
   517 | D        | Noticed Pargi
   525 | D        | Reached **** piety under Cheibriados
   526 | D        | Reached skill level 1 in Invocations
   526 | D        | Reached XP level 6. HP: 26/63 MP: 6/6
   526 | D        | Reached ***** piety under Cheibriados
   527 | D        | Reached skill level 6 in Shields
   530 | D        | Killed Pargi
   550 | D        | Reached XP level 7. HP: 67/73 MP: 5/10
   566 | D        | Noticed a bog body
   572 | D        | Killed a bog body
   573 | D        | Reached skill level 7 in Shields
   573 | D        | Reached skill level 5 in Invocations
   573 | D        | Reached XP level 8. HP: 41/82 MP: 11/11
  1060 | D        | Reached ****** piety under Cheibriados
  1076 | D        | Noticed a komodo dragon
  1096 | D        | Killed a komodo dragon
  1102 | D        | Reached skill level 8 in Shields
  1633 | D        | Noticed Edmund
  1633 | D        | Noticed a rime drake
  1633 | D        | Noticed a freezing wraith
  1635 | D        | Killed Edmund
  1635 | D        | Killed a rime drake
  1635 | D        | Killed a freezing wraith
  1636 | D        | Reached skill level 10 in Axes
  1636 | D        | Reached skill level 5 in Dodging
  1636 | D        | Reached XP level 9. HP: 87/91 MP: 2/13
  2117 | D        | Noticed Erolcha
  2117 | D        | Noticed an elephant
  2119 | D        | Killed Erolcha
  2120 | D        | Reached skill level 9 in Shields
  2121 | D        | Killed an elephant
  2122 | D        | Reached XP level 10. HP: 99/99 MP: 3/15
  2269 | D        | Noticed an elephant
  2273 | D        | Killed an elephant
  2280 | D        | Noticed a deep elf pyromancer
  2286 | D        | Killed a deep elf pyromancer
  2297 | D        | Noticed a black mamba
  2297 | D        | Noticed a manticore
  2298 | D        | Killed a black mamba
  2299 | D        | Reached skill level 10 in Fighting
  2300 | D        | Reached skill level 10 in Armour
  2300 | D        | Reached skill level 10 in Shields
  2300 | D        | Killed a manticore
  2768 | D        | Noticed a ghost moth
  2774 | D        | Killed a ghost moth
  2775 | D        | Reached XP level 11. HP: 77/110 MP: 0/17
  2833 | D        | Noticed an emperor scorpion
  2834 | D        | Noticed a boulder beetle
  2834 | D        | Noticed a lindwurm
  2836 | D        | Killed a lindwurm
  2837 | D        | Reached skill level 11 in Shields
  2841 | D        | HP: 1/110 [emperor scorpion (13)]
  2845 | D        | Killed an emperor scorpion
  2847 | D        | Killed a boulder beetle
  3903 | D        | Noticed a phantasmal warrior
  3904 | D        | Noticed a death yak
  3904 | D        | Noticed a death yak
  3904 | D        | Noticed a death yak
  3906 | D        | Noticed a death yak
  3908 | D        | Killed a phantasmal warrior
  3908 | D        | Killed a death yak
  3908 | D        | Killed a death yak
  3908 | D        | Killed a death yak
  3909 | D        | Reached skill level 10 in Dodging
  3909 | D        | Reached skill level 12 in Shields
  3909 | D        | Reached skill level 10 in Invocations
  3909 | D        | Reached XP level 12. HP: 91/120 MP: 3/19
  3915 | D        | Killed a death yak
  4407 | D        | Noticed a vampire mage
  4412 | D        | Killed a vampire mage
  4434 | D        | Noticed a catoblepas
  4434 | D        | Noticed Gastronok
  4440 | D        | Killed a catoblepas
  4449 | D        | Killed Gastronok
  4837 | D        | Noticed a centaur warrior
  4838 | D        | Noticed an orc warlord
  4838 | D        | Noticed an orc warlord
  4838 | D        | Noticed an eidolon
  4840 | D        | Killed a centaur warrior
  4841 | D        | Killed an eidolon
  4842 | D        | Reached skill level 15 in Axes
  4842 | D        | Reached skill level 13 in Shields
  4842 | D        | Killed an orc warlord
  4842 | D        | Killed an orc warlord
  4843 | D        | Gained mutation: You can use your snake-like lower body to
                  | constrict enemies. [Naga growth]
  4843 | D        | Reached XP level 13. HP: 95/130 MP: 0/21
  5187 | D        | Noticed a yaktaur captain
  5196 | D        | Noticed a yaktaur captain
  5197 | D        | Noticed a yaktaur captain
  5198 | D        | Noticed a war gargoyle
  5201 | D        | Killed a yaktaur captain
  5211 | D        | Killed a war gargoyle
  5214 | D        | Killed a yaktaur captain
  5218 | D        | Killed a yaktaur captain
  5306 | D        | Noticed a vault guard
  5312 | D        | Killed a vault guard
  5313 | D        | Reached skill level 14 in Shields
  5659 | D        | Noticed a nagaraja
  5659 | D        | Noticed a deep elf high priest
  5662 | D        | Killed a deep elf high priest
  5666 | D        | Killed a nagaraja
  5680 | D        | Got the Grimoire of Floating Black Secrets
  5800 | D        | Paralysed by an ogre mage for 3 turns
  5815 | D        | Reached XP level 14. HP: 133/142 MP: 23/23
  5827 | D        | Reached skill level 15 in Shields
  5839 | D        | Noticed a ghost moth
  5846 | D        | Killed a ghost moth
  5847 | D        | Reached skill level 15 in Armour
  5875 | D        | Identified the +1 chain mail of Winter {Str+7}
  5878 | D        | Noticed a ghost moth
  5884 | D        | Killed a ghost moth
  6009 | D        | Got Sif Muna's Papyrus of Earthen Calling
  6077 | D        | Noticed a death cob
  6080 | D        | Killed a death cob
  6192 | D        | Noticed a sphinx
  6192 | D        | Noticed a yellow draconian
  6192 | D        | Noticed a red draconian scorcher
  6193 | D        | Paralysed by a floating eye for 3 turns
  6193 | D        | Noticed a nagaraja
  6198 | D        | Killed a sphinx
  6202 | D        | Killed a yellow draconian
  6203 | D        | Reached skill level 16 in Shields
  6205 | D        | Killed a nagaraja
  6206 | D        | Noticed a black draconian
  6207 | D        | Noticed a deep elf demonologist
  6210 | D        | Killed a deep elf demonologist
  6213 | D        | Killed a black draconian
  6213 | D        | Noticed a red draconian
  6213 | D        | Noticed a green draconian monk
  6214 | D        | Reached skill level 15 in Dodging
  6214 | D        | Noticed a white draconian
  6214 | D        | Noticed a deep elf sorcerer
  6214 | D        | Noticed a deep elf sorcerer
  6223 | D        | Killed a deep elf sorcerer
  6224 | D        | Killed a deep elf sorcerer
  6225 | D        | Killed a red draconian
  6225 | D        | Killed a white draconian
  6225 | D        | Noticed a green draconian monk
  6226 | D        | Reached skill level 15 in Fighting
  6226 | D        | Killed a green draconian monk
  6227 | D        | Noticed a deep elf annihilator
  6228 | D        | Noticed a deep elf demonologist
  6230 | D        | Killed a red draconian scorcher
  6234 | D        | HP: 5/147 [blizzard demon/the air[a deep elf demonologist]
                  | (20)]
  6235 | D        | Killed a green draconian monk
  6236 | D        | Reached skill level 15 in Invocations
  6248 | D        | Reached XP level 15. HP: 62/154 MP: 16/26
  6250 | D        | Noticed an Ice Fiend
  6256 | D        | Reached skill level 17 in Shields
  6636 | D        | Noticed a purple draconian shifter
  6653 | D        | Killed a purple draconian shifter
  7010 | D        | Got the Almanac of Venom
  7024 | D        | Got the Compendium of Shifting Ice
  7033 | D        | Got the Volume of Transformation and Venom
  7087 | D        | Got the amulet "Voxes" {Faith Harm Stlth+}
  7089 | D        | Got the ring of Vefuong {rF++ Will- rCorr Str+2 Slay+5}
  7091 | D        | Got the amulet "Eqiwn" {Faith Int+6}
  7093 | D        | Got the ring of Causuhump {Wiz rElec Str+2 Stlth+}
  7095 | D        | Got the ring of Miracles {Ice rCorr Dex+6}
  7097 | D        | Got the ring of Qaufenib {rPois rF+ rN+}
  7099 | D        | Got the ring of Erossucab {*Corrode Will+ Dex+9 SInv}
  7101 | D        | Got the ring of Zin's Scorn {rF+ Will+ rCorr Int+3 Dex+6}
  7103 | D        | Got the amulet "Xisarghon" {Regen+ rCorr}
  7108 | D        | Got the amulet "Myfuban" {Reflect Fragile rC+ rN+ Str+3
                  | SH+5}
  7110 | D        | Got the amulet of Ydeded {RegenMP rF- rC+ Dex+2 Stlth+}
  7113 | D        | Got the ring "Kazitwy" {rF- rCorr Str+6 Int+5}
  7115 | D        | Got the ring of Suspected Treachery {rPois rF+ AC+6}
  7117 | D        | Got the ring of Duot {rF+ Will+ SInv}
  7119 | D        | Got the amulet of Palej {RegenMP SInv}
  7121 | D        | Got the ring "Poomikk" {Int+2 Slay+5}
  7123 | D        | Got the amulet "Ynoeps" {RegenMP rPois Will+ Str+4}
  7126 | D        | Got the ring "Jycag" {Wiz rElec Int+4 Dex+4}
  7128 | D        | Got the ring "Kidamnia" {rF++ rN+}
  7142 | D        | Upgraded the game from 0.28.0-49-g6dfe1f597d to
                  | 0.28.0-53-g5a82cb258f
  7160 | D        | Got the ring "Atugitz" {Drain rF+ rCorr MP+9 Int+6}
  7163 | D        | Got the ring of Yczuxigy {rElec rC+ rN+ Int-2 SInv}
  7168 | D        | Got the amulet of Salvation {rElec Regen+ Str-5 Slay+2
                  | SInv}
  7171 | D        | Got the amulet of Zuh Rame {+Inv Regen+}
  7409 | D        | Noticed a tentacled monstrosity
  7409 | D        | Noticed a bone dragon
  7411 | D        | Reached skill level 1 in Unarmed Combat
  7419 | D        | Killed a bone dragon
  7424 | D        | Killed a tentacled monstrosity
  7425 | D        | Reached skill level 18 in Shields
  7428 | D        | Noticed a deep elf sorcerer
  7428 | D        | Noticed a balrug
  7430 | D        | Killed a deep elf sorcerer
  7431 | D        | Killed a balrug
  7433 | D        | Noticed a storm dragon
  7445 | D        | Noticed a frost giant
  7447 | D        | Noticed Fiposema the pandemonium lord
  7454 | D        | Noticed a deep elf master archer
  7455 | D        | Killed a frost giant
  7467 | D        | Killed a storm dragon
  7467 | D        | Killed a deep elf master archer
  7472 | D        | Killed Fiposema the pandemonium lord
  7887 | D        | Noticed a sphinx
  7892 | D        | Killed a sphinx
  7893 | D        | Found the +4 dragonskin cloak
  7893 | D        | Noticed Tiamat
  7893 | D        | Identified the +3 great sword "Iti Umys" {speed, Will+
                  | rCorr}
  7898 | D        | Reached skill level 19 in Shields
  7900 | D        | Reached skill level 5 in Unarmed Combat
  7923 | D        | Killed Tiamat
  7924 | D        | Reached skill level 20 in Shields
  7924 | D        | Reached XP level 16. HP: 86/171 MP: 23/28
  8323 | D        | Got the amulet "Gelao" {Faith rF+ rC- Int+2}
  8350 | D        | Got Sif Muna's Disquisition on Lightness
  8529 | D        | Noticed a bone dragon
  8529 | D        | Noticed a lich
  8529 | D        | Noticed a bone dragon
  8530 | D        | Noticed a bone dragon
  8532 | D        | Noticed a bone dragon
  8532 | D        | Killed a lich
  8547 | D        | Killed a bone dragon
  8549 | D        | Killed a bone dragon
  8553 | D        | Killed a bone dragon
  8561 | D        | Killed a bone dragon
  8566 | D        | Reached skill level 21 in Shields
  8619 | D        | Got the ring "Pisofaun" {rElec rC+ Str-5 SInv}
  8621 | D        | Got a silver rune of Zot
  8631 | D        | Got the ring "Uphautt" {rF+ rC+ rN+ rCorr Str-5}
  8713 | D        | Noticed Rupert
  8722 | D        | Killed Rupert
  8766 | D        | Noticed an acid blob
  8767 | D        | Noticed a green draconian monk
  8776 | D        | Killed a green draconian monk
  8816 | D        | Killed an acid blob
  9132 | D        | Noticed a daeva
  9136 | D        | Noticed Okhott the pandemonium lord
  9145 | D        | Killed a daeva
  9159 | D        | HP: 5/177 [Okhott the pandemonium lord (11)]
  9166 | D        | Demolished by Okhott the pandemonium lord

Illustrated notes

Levels and vault maps discovered:
D:        pitsprint [storerooms_1, entrance_room_1, metal_vault_2, armoury_2,
          mini_pit_1, grid_room_1, main_hall_1, silver_pit, the_coven_2,
          the_vestibule_1, steel_vault_2, golden_pit, hallway_of_sentries,
          crystal_vault_1, iron_vault_4, final_vault]

Skill      XL: |  1  2  3  4  5  6  7  8  9 10 11 12 13 14 15 16 |
---------------+-------------------------------------------------+-----
Armour         | 3 4 5 6 7 8 9 10 12 13 14 16 18 20 | 20.2
Shields        | 3 4 5 6 7 8 9 10 12 13 14 16 20 21 | 21.4
Axes           | 3 5 6 7 8 10 12 14 15 17 18 | 18.0
Fighting       | 4 5 6 7 8 9 10 11 12 13 15 17 20 | 20.0
Invocations    | 1 4 5 6 7 8 10 11 13 15 16 18 | 18.3
Dodging        | 3 5 6 8 10 11 13 15 17 19 | 19.3
Unarmed Combat | 6 9 |  9.6

Action                   |  1- 3 |  4- 6 |  7- 9 | 10-12 | 13-15 | 16-18 || total
-------------------------+-------+-------+-------+-------+-------+-------++-------
Melee: War axe           |     5 |       |       |       |       |       ||     5
       Hand axe          |    20 |    30 |    55 |       |       |       ||   105
       Broad axe         |       |       |     2 |    44 |   289 |    91 ||   426
       Constrict         |       |       |       |       |    58 |    15 ||    73
Throw: Dart              |       |       |       |       |     3 |       ||     3
Invok: Slouch            |       |     1 |     4 |    24 |    34 |     4 ||    67
       Bend Time         |       |       |       |       |     1 |       ||     1
 Abil: Spit Poison       |       |       |       |     1 |       |       ||     1
  Use: Potion            |     3 |     2 |     4 |     5 |    23 |     4 ||    41
       Scroll            |       |       |     1 |       |     1 |     2 ||     4
 Stab: Invisible         |     2 |     4 |       |       |       |       ||     6
       Sleeping          |       |       |     2 |       |       |       ||     2
       Petrified         |       |       |       |     2 |       |     2 ||     4
       Distracted        |       |       |       |       |     2 |       ||     2
Armor: Scale mail        |     6 |     6 |       |       |       |       ||    12
       Ring mail         |       |     6 |     8 |       |       |       ||    14
       Plate armour      |       |       |     1 |    38 |    91 |     1 ||   131
       Gold dragon scale |       |       |       |       |       |    59 ||    59
Dodge: Dodged            |    11 |    13 |    18 |    48 |   183 |    60 ||   333
Block: Buckler           |     8 |    11 |    11 |    41 |    26 |       ||    97
       Tower shield      |       |       |       |       |   337 |   142 ||   479
